Match 45188302
Unlisted
Match 45188302
End
Construct Infanterie Kompanie
Selects Luftwaffe Battlegroup
Selects Luftwaffe Pioneer Support
Fallschirmpioneer Squad Paradrop
Grenadier Squad
Fallschirmpioneer Squad Paradrop
Grenadier Squad
Infanterie Officer Quarters
Construct Luftwaffe Kompanie
MG 42 Machine Gun Team
Support Elements
Selects Flak 38 Anti-Air Emplacement
Marder III M Tank Destroyer
Luftwaffe Officer Quarters
Selects Infantry Reserves
Medical Bunker
Selects Stuka Strafing Run
Selects Fallschirmjäger Squad Paradrop
Wirbelwind Flakpanzer
Stuka Strafing Run
Selects Fragmentation Bombs
Wirbelwind Flakpanzer
Stuka Strafing Run
Fragmentation Bombs
Side Skirts
Construct Panzergrenadier Kompanie
Fragmentation Bombs
Wirbelwind Flakpanzer
Panzergrenadier Officer Quarters
Fragmentation Bombs
Nebelwerfer 42 Rocket Launcher Team
Stuka Strafing Run
Fragmentation Bombs
Fallschirmjäger Squad Paradrop
Fragmentation Bombs
Stuka Strafing Run
Marder III M Tank Destroyer
Marder III M Tank Destroyer
Fragmentation Bombs
Fallschirmjäger Squad Paradrop
Fallschirmpioneer Squad Paradrop
Fragmentation Bombs
Wirbelwind Flakpanzer
Pioneer Squad
Stuka Strafing Run
Marder III M Tank Destroyer
Fragmentation Bombs
Stuka Strafing Run
Fallschirmpioneer Squad Paradrop
Marder III M Tank Destroyer
Stuka Strafing Run
Kettenkrad Recon Vehicle
Fragmentation Bombs
Fallschirmpioneer Squad Paradrop
Pioneer Squad
Wirbelwind Flakpanzer
Kettenkrad Recon Vehicle
Fragmentation Bombs
Fallschirmpioneer Squad Paradrop
Stuka Strafing Run
Fallschirmpioneer Squad Paradrop
Fragmentation Bombs
Stuka Strafing Run
Pak 40 Anti-tank Gun Team
Fallschirmpioneer Squad Paradrop
Kettenkrad Recon Vehicle
Stuka Strafing Run
Fallschirmjäger Squad Paradrop
Fragmentation Bombs
Fallschirmpioneer Squad Paradrop
Stuka Strafing Run
Alloyzy Klex
SEPH
Regenbogeneinhorn
Nice1337
0
0
Comments sign in to comment!
No comments posted yet!